 Dungeon Crawl Stone Soup version 0.22.0-75-g3901e79 (webtiles) character file.

20 Oakoak the Sneak (level 2, 0/22 HPs)
             Began as a Naga Fire Elementalist on Sept 11, 2018.
             Slain by Jessica
             ... wielding a +0 club
              (4 damage)
             ... on level 2 of the Dungeon.
             The game lasted 00:08:12 (2007 turns).

Oakoak the Sneak (Naga Fire Elementalist)           Turns: 2007, Time: 00:08:13

Health: 0/22       AC:  1    Str: 10    XL:     2   Next: 79%
Magic:  1/5        EV:  9    Int: 15    God:
Gold:   23         SH:  3    Dex: 11    Spells: 4/5 levels left

rFire    . . .     SeeInvis +   m - +0 spear
rCold    . . .     Gourm    .   n - +0 buckler
rNeg     . . .     Faith    .   a - +0 robe
rPois    +         Spirit   .   (no helmet)
rElec    .         Reflect  .   (no cloak)
rCorr    .         Harm     .   (no gloves)
MR       +....                  (no barding)
Stlth    ++........             (no amulet)
HPRegen  0.07/turn              d - ring of protection from magic
MPRegen  0.09/turn              (no ring)

@: very slightly contaminated, very slow
A: large, see invisible, deformed body, poison resistance, slowness 2, slow
metabolism 1, spit poison 1, AC +0
a: Spit Poison


You were on level 2 of the Dungeon.
You were not hungry.

You visited 1 branch of the dungeon, and saw 2 of its levels.

You collected 23 gold pieces.

Inventory:

Hand Weapons
 j - a +0 dagger
 m - a +0 spear (weapon)
Armour
 a - a +0 robe (worn)
 n - a +0 buckler (worn)
Jewellery
 d - a ring of protection from magic (left hand)
Scrolls
 f - a scroll of identify {unknown}
 k - a scroll of remove curse {unknown}
 l - a scroll of teleportation {unknown}
Potions
 b - 2 potions of might {unknown}
 e - a potion of agility {unknown}
 g - a potion of resistance {unknown}
 h - a potion of haste {unknown}
 i - a potion of heal wounds
Comestibles
 c - a ration


   Skills:
 + Level 1.5 Dodging
 + Level 3.6 Stealth
 + Level 2.1 Spellcasting
 + Level 1.1 Conjurations
 * Level 3.5 Fire Magic


You had 4 spell levels left.
You knew the following spells:

 Your Spells              Type           Power        Failure   Level  Hunger
a - Flame Tongue          Conj/Fire      #....        14%         1    #......

Your spell library contained the following spells:

 Spells                   Type           Power        Failure   Level  Hunger
 Throw Flame              Conj/Fire      #.....       22%         2    ###....
 Conjure Flame            Conj/Fire      #.......     38%         3    ###....
 Inner Flame              Hex/Fire       #.......     47%         3    ###....
 Sticky Flame             Conj/Fire      #.......     80%         4    #####..
 Fireball                 Conj/Fire      #.........   98%         5    ######.


Dungeon Overview and Level Annotations

Branches:
Dungeon (2/15)

Altars:

Annotations:
D:2 Jessica


Innate Abilities, Weirdness & Mutations

You cannot wear boots.
Your serpentine skin is tough. (AC +0)
You have supernaturally acute eyesight. (SInv)
Armour fits poorly on your strangely shaped body.
Your system is resistant to poisons. (rPois)
You cover ground very slowly.
You have a slow metabolism.
You can spit poison.


Message History

Press: ? - help, Shift-Dir - straight line, f/p - Jessica
Aim: Jessica, wielding a club and wearing a robe The flame tongue misses Jessica.
Jessica hits you with a club.
Casting: Flame Tongue (safe; 14% risk of failure)
Confirm with . or Enter, or press ? or * to list all spells.
You don't have enough magic to cast that spell.
Unknown command.
You hit Jessica but do no damage.
Jessica gestures wildly.
Jessica gestures wildly while chanting.
Jessica blinks!
You have got your breath back.
Jessica gestures wildly while chanting.
Jessica seems to speed up.
Jessica gestures wildly while chanting.
Jessica blinks!
Jessica hits you with a club! Jessica hits you with a club.
* * * LOW HITPOINT WARNING * * *
Jessica hits you with a club.
You die...

#.# ..
###.##.#
#......#
###.####
#.#
###.#
#.#.#
#...###
#...@@+
#..####
#.# #..
###


You could see Jessica.

Vanquished Creatures
  A dart slug (D:1)
  A leopard gecko (D:1)
  2 bats (D:1)
  3 goblins (D:1)
  A hobgoblin (D:1)
  5 kobolds (D:1)
  A frilled lizard (D:1)
  A rat (D:1)
15 creatures vanquished.

Notes
Turn   | Place    | Note
-------+----------+-------------------------------------------
     0 | D:1      | Oakoak the Naga Fire Elementalist began the quest for the
                  | Orb.
     0 | D:1      | Reached XP level 1. HP: 15/15 MP: 3/3
  1026 | D:1      | Reached XP level 2. HP: 22/22 MP: 3/5
  1991 | D:2      | Noticed Jessica
  2007 | D:2      | Slain by Jessica

Action                   || total
-------------------------++-------
Melee: Unarmed           ||     5
       Dagger            ||    19
       Spear             ||    10
 Cast: Flame Tongue      ||    19
 Abil: Spit Poison       ||     5
 Stab: Sleeping          ||     1
  Eat: Ration            ||     1
Armor: Robe              ||    13
Dodge: Dodged            ||    29
Block: Buckler           ||     1
